AoeStats
← 口古口古嘎嘎

African Clearing

510692346Analyzed
4v4 RM · 14h ago on Oct 2, 2026· 54m 4s· 8 players
Game mode
Random Map
Map size
Large (8 player)
Population
200
Speed
Normal
Resources
Standard
Victory
Conquest
Starting age
Dark Age
Ending age
Imperial Age
RankedLock teamsTeams togetherTeam positionsShared explorationLock speedFull tech treeHidden civsTurbo modeCheats
Victory
Defeat
🇺🇸 Danes · United States
1731
+15
🇨🇳 Chinese · China
1648
+18
🇺🇸 Koreans · United States
1619
+19
🇺🇸 Spanish · United States
1588
+20
🇨🇳 Koreans · China
1753
-20
🇦🇷 Burmese · Argentina
1696
-18
🇨🇳 Chinese · China
1675
-17
🇸🇬 Jurchens · Singapore
1653
-17
Backspace
2:52 Loom
12:58 Feudal Age
16:43 Castle Age
18:44 Double-Bit Axe
19:16 Town Watch
19:31 Fletching
21:58 Bodkin Arrow
25:03 Padded Archer Armor
27:07 Ballistics
40:20 Bow Saw
44:00 Wheelbarrow
44:51 Town Patrol
45:59 Hand Cart
45:37 Gold Mining
51:02 Imperial Age
48:21 Crossbowman
50:02 Thumb Ring
49:57 Elite Skirmisher
51:32 Leather Archer Armor
51:49 Bracer
54:19 Chemistry
口古口古嘎嘎
7:08 Loom
15:15 Feudal Age
16:10 Double-Bit Axe
19:21 Castle Age
20:31 Bow Saw
20:10 Town Watch
20:50 Fishing Lines
25:52 Fletching
27:53 Bodkin Arrow
30:58 Wheelbarrow
30:23 Gold Mining
36:26 Imperial Age
34:33 Squires
35:15 Hand Cart
35:24 Scale Mail Armor
36:09 Gold Shaft Mining
37:12 Chain Mail Armor
36:33 Capped Ram
39:00 Plate Mail Armor
38:41 Forging
38:25 Elite Fire Lancer
41:39 Arson
42:18 Bracer
45:21 Iron Casting
44:44 Elite Skirmisher
45:50 Ballistics
45:29 Heavy Rocket Cart
46:59 Thumb Ring
47:28 Treadmill Crane
47:52 Eupseong
48:38 Siege Engineers
48:22 Arrowslits
48:47 Masonry
48:35 Murder Holes
48:22 Pikeman
51:09 Chemistry
50:42 Architecture
FutureEwe5582
12:00 Loom
14:20 Feudal Age
20:00 Castle Age
Arietta Fine
8:16 Loom
11:17 Feudal Age
12:31 Double-Bit Axe
13:42 Horse Collar
24:01 Castle Age
23:04 Fletching
23:26 Bloodlines
24:46 Husbandry
24:16 Light Cavalry
27:29 Bodkin Arrow
28:48 Ballistics
31:59 Padded Archer Armor
33:33 Bow Saw
33:57 Heavy Plow
33:53 Town Watch
35:45 Wheelbarrow
35:30 Gold Mining
37:03 Hand Cart
39:13 Gold Shaft Mining
42:11 Imperial Age
40:11 Forging
40:06 Scale Barding Armor
41:30 Leather Archer Armor
42:54 Bracer
43:58 Chemistry
42:22 Heavy Cavalry Archer
43:33 Ring Archer Armor
46:36 Siege Engineers
52:19 Heavy Rocket Cart
嗚
4:08 Loom
12:38 Feudal Age
13:15 Double-Bit Axe
14:22 Fletching
22:33 Wheelbarrow
27:07 Fishing Lines
30:56 Castle Age
30:54 Gold Mining
31:19 Crossbowman
33:12 Ballistics
33:43 Bodkin Arrow
38:13 Gillnets
40:14 Bow Saw
43:52 Thumb Ring
45:03 Gold Shaft Mining
48:50 Stone Mining
BomBomB0
5:36 Loom
12:51 Feudal Age
17:14 Castle Age
16:12 Double-Bit Axe
16:08 Horse Collar
18:17 Bow Saw
20:52 Fletching
21:41 Bodkin Arrow
24:27 Padded Archer Armor
35:53 Town Watch
49:11 Husbandry
49:24 Bloodlines
53:01 Imperial Age
51:50 Wheelbarrow
52:50 Leather Archer Armor
53:19 Hand Cart
52:32 Elite Skirmisher
53:18 Thumb Ring
54:14 Bracer
Jenius
11:07 Feudal Age
12:04 Loom
12:12 Double-Bit Axe
14:09 Town Watch
15:42 Horse Collar
23:20 Castle Age
22:52 Scale Mail Armor
23:43 Forging
25:04 Chain Mail Armor
24:49 Squires
25:06 Bow Saw
26:42 Heavy Plow
27:19 Wheelbarrow
31:42 Stone Mining
31:43 Gold Mining
33:37 Hand Cart
34:29 Arson
36:19 Gold Shaft Mining
36:34 Fletching
40:42 Imperial Age
38:49 Ballistics
40:47 Onager
42:06 Plate Mail Armor
42:27 Siege Engineers
41:50 Northmen's Fury
44:07 Elite Jomsviking
45:48 Conscription
44:48 Hamask
46:54 Iron Casting
45:47 Siege Onager
46:17 Hamask
49:06 Blast Furnace
49:58 Conscription
49:24 Capped Ram
51:09 Hoardings
50:38 Siege Ram
BiliBili风间
3:02 Loom
12:57 Feudal Age
13:03 Feudal Age
14:06 Town Watch
17:07 Castle Age
15:11 Double-Bit Axe
15:44 Stone Mining
16:14 Gold Mining
16:29 Horse Collar
17:23 Fletching
19:31 Bodkin Arrow
26:31 Padded Archer Armor
28:31 Ballistics
30:59 Wheelbarrow
30:58 Bow Saw
30:53 Heavy Plow
31:35 Leather Archer Armor
33:05 Hand Cart
33:16 Town Watch
37:01 Imperial Age
35:28 Scale Barding Armor
35:33 Forging
36:30 Bloodlines
36:21 Husbandry
35:41 Light Cavalry
37:26 Chain Barding Armor
38:55 Chemistry
37:58 Bracer
38:48 Plate Barding Armor
39:06 Gold Shaft Mining
39:53 Iron Casting
40:46 Conscription
40:51 Elite Chu Ko Nu
42:21 Thumb Ring
43:21 Ring Archer Armor
43:52 Blast Furnace
43:53 Coinage
43:25 Scale Mail Armor
44:59 Stone Shaft Mining
45:04 Rocketry
44:34 Capped Ram
46:29 Banking
46:26 Bombard Tower
46:16 Masonry
46:16 Great Wall
46:29 Siege Ram
46:38 Siege Ram
47:31 Heavy Rocket Cart
48:45 Architecture
50:11 Two-Man Saw
50:32 Caravan
Connection lost

Rejoining the realm…

Still unreachable

The connection could not be restored.

Session expired

The server has moved on; the page needs a fresh start.